 Dungeon Crawl Stone Soup version 0.31.0-32-g396128a36d (webtiles) character file.

Game seed: 16294327426255246501

86880 Peloso the Peltast (level 15, -9/138 HPs)
             Began as a Minotaur Fighter on Apr 19, 2024.
             Was a High Priest of Okawaru.
             Incinerated by a smoke demon (10 damage)
             ... with a pyre arrow
             ... while paralysed by an orc sorcerer
             ... on level 2 of the Orcish Mines.
             The game lasted 01:00:38 (28230 turns).

Peloso the Peltast (Minotaur Fighter)              Turns: 28230, Time: 01:00:38

Health: -9/138     AC: 29    Str: 22    XL:     15   Next: 42%
Magic:  15/15      EV:  2    Int:  5    God:    Okawaru [*****.]
Gold:   2582       SH:  0    Dex: 16    Spells: 14/14 levels left

rFire   . . .        b - +2 scimitar (elec)
rCold   . . .        d - +2 tower shield
rNeg    + . .        h - +2 plate armour {rN+}
rPois   +            (helmet restricted)
rElec   .            Y - +2 cloak
rCorr   .            x - +0 pair of gloves
SInv    .            M - +0 pair of boots {rampage}
Will    +....        t - amulet of reflection Stlth
                     Q - ring of poison resistance
HPRegen 0.43/turn    o - +4 ring of protection
MPRegen 0.14/turn

%: reflection, rampage
@: paralysed, on fire, glowing
A: horns 2, retaliatory headbutt
a: Renounce Religion, Heroism, Finesse, Duel


You were on level 2 of the Orcish Mines.
You worshipped Okawaru.
Okawaru was extremely pleased with you.
You visited 3 branches of the dungeon, and saw 22 of its levels.
You also visited: Bailey and Gauntlet.

You collected 2692 gold pieces.
You spent 110 gold pieces at shops.

Inventory:

Hand Weapons
 a - a +4 scimitar
 b - a +2 scimitar of electrocution (weapon)
 z - a +0 hand axe of flaming
Armour
 c - a +0 chain mail
 d - a +2 tower shield (worn)
 h - a +2 plate armour of positive energy (worn)
 x - a +0 pair of gloves (worn)
 M - a +0 pair of boots of rampaging (worn)
 Y - a +2 cloak (worn)
 Z - +0 ice dragon scales
Jewellery
 e - an amulet of regeneration
 f - an amulet of the acrobat
 i - an amulet of guardian spirit
 o - a +4 ring of protection (right hand)
 s - an amulet of faith
 t - an amulet of reflection (around neck)
 v - a +6 ring of strength
 Q - a ring of poison resistance (left hand)
 R - a ring of see invisible
 U - a ring of willpower
Talismans
 y - a maw talisman
Wands
 A - a wand of iceblast (15)
 C - a wand of acid (7)
 D - a wand of flame (48)
 F - a wand of polymorph (19)
 I - a wand of paralysis (14)
 O - a wand of mindburst (26)
 W - a wand of digging (12)
Scrolls
 g - 3 scrolls of poison
 j - 2 scrolls of blinking
 m - a scroll of identify
 n - 2 scrolls of fear
 q - 8 scrolls of teleportation
 H - 3 scrolls of enchant armour
 L - 2 scrolls of fog
 N - a scroll of amnesia
 P - a scroll of acquirement
 T - a scroll of silence
Potions
 k - 2 potions of cancellation
 l - 8 potions of curing
 p - 5 potions of brilliance
 r - 3 potions of might
 u - a potion of heal wounds
 w - 3 potions of enlightenment
 B - 6 potions of mutation
 E - a potion of berserk rage
 G - a potion of lignification
 K - 4 potions of haste
 V - 2 potions of ambrosia
 X - a potion of magic
Miscellaneous
 J - a box of beasts


   Skills:
 + Level 14.2 Fighting
 + Level 16.4 Long Blades
 + Level 2.1 Axes
 + Level 14.3 Armour
 + Level 2.6 Dodging
 + Level 1.0 Stealth
 + Level 20.7 Shields
 + Level 2.5 Invocations
 + Level 0.5 Evocations


You had 14 spell levels left.
You didn't know any spells.
Your spell library contained the following spells:

 Spells                   Type           Power      Damage    Failure   Level
 Apportation              Tloc           0%         N/A       100%        1
 Foxfire                  Conj/Fire      0%         2x1d4     100%        1
 Kiss of Death            Conj/Necr      0%         2d5       100%        1
 Magic Dart               Conj           0%         1d3       100%        1
 Necrotise                Necr           0%         1d4       100%        1
 Sandblast                Erth           0%         2d4       100%        1
 Shock                    Conj/Air       0%         1d3       100%        1
 Sting                    Conj/Alch      0%         1d3       100%        1
 Blink                    Tloc           0%         N/A       100%        2
 Cigotuvi's Dreadful Rot  Necr/Alch/Air  0%         N/A       100%        2
 Lesser Beckoning         Tloc           0%         N/A       100%        2
 Static Discharge         Conj/Air       0%         3-3/arc   100%        2
 Sublimation of Blood     Necr           0%         N/A       100%        2
 Gell's Gravitas          Tloc           0%         N/A       100%        3
 Passwall                 Erth           0%         N/A       100%        3
 Stone Arrow              Conj/Erth      0%         3d7       100%        3
 Swiftness                Air            0%         N/A       100%        3
 Teleport Other           Tloc           0%         N/A       100%        3
 Airstrike                Air            0%         2d(0-16)  100%        4
 Brom's Barrelling Bould  Conj/Erth      0%         2d3       100%        4
 Dimensional Bullseye     Hex/Tloc       0%         N/A       100%        4
 Ignite Poison            Fire/Alch      0%         N/A       100%        4
 Passage of Golubria      Tloc           0%         N/A       100%        4
 Sticky Flame             Fire/Alch      0%         2d4       100%        4
 Freezing Cloud           Conj/Ice/Air   0%         6-21      100%        5
 Silence                  Hex/Air        0%         N/A       100%        5
 Yara's Violent Unravell  Hex/Alch       0%         3d3       100%        5
 Conjure Ball Lightning   Conj/Air       0%         3x3d6     100%        6
 Dispersal                Tloc           0%         N/A       100%        6
 Eringya's Noxious Bog    Alch           0%         4d6       100%        6
 Plasma Beam              Fire/Air       0%         2x1d10    100%        6
 Starburst                Conj/Fire      0%         6d3       100%        6
 Discord                  Hex            0%         N/A       100%        8
 Disjunction              Tloc           0%         N/A       100%        8
 Ignition                 Fire           0%         3d3       100%        8
 Lehudib's Crystal Spear  Conj/Erth      0%         10d2      100%        8
 Summon Small Mammal      Summ           Unusable   N/A       N/A         1
 Call Imp                 Summ           Unusable   N/A       N/A         2
 Tukima's Dance           Hex            Unusable   N/A       N/A         3
 Summon Lightning Spire   Summ/Air       Unusable   N/A       N/A         4
 Summon Forest            Summ/Tloc      Unusable   N/A       N/A         5
 Summon Cactus Giant      Summ           Unusable   N/A       N/A         6
 Summon Hydra             Summ           Unusable   N/A       N/A         7
 Dragon's Call            Summ           Unusable   N/A       N/A         9

Dungeon Overview and Level Annotations

Branches:
Dungeon (15/15)            Temple (0/1) D:6            Lair (5/5) D:11
  Swamp (0/4) Lair:2        Snake (0/4) Lair:2        Slime (0/5) Lair:5
    Orc (2/2) D:12            Elf (0/3) Orc:2        Vaults (0/5) D:13
 Bailey (visited)         Gauntlet (visited)
 Depths: D:15

Altars:
Hepliaklqana
Makhleb
Nemelex Xobeh
Okawaru
Qazlal
Sif Muna
Wu Jian
Xom
Yredelemnul
The Shining One
Jiyva

Shops:
D:4 **   D:12 (

Annotations:
D:10 4 transporters
D:12 1 runed translucent door, Peloso's ghost, journeyman MiFi


Innate Abilities, Weirdness & Mutations

You have a pair of horns on your head.
You reflexively headbutt those who attack you in melee.


Message History

The smoke demon disappears in a puff of smoke!
The liquid fire burns you! You block the orc sorcerer's attack.
You hit the orc sorcerer.
The orc sorcerer is lightly wounded.
The liquid fire burns you! The smoke demon gestures at you.
Something smites you! The orc sorcerer casts a spell at you.
The bolt of fire misses you.
You closely miss the orc sorcerer.
The orc sorcerer is lightly wounded.
The liquid fire burns you!
* * * LOW HITPOINT WARNING * * *
You block the smoke demon's attack. x2
The smoke demon hits you but does no damage.
The orc priest invokes the aid of Beogh against you.
You resist with significant effort. The orc sorcerer casts a spell at you.
You suddenly lose the ability to move!
The liquid fire burns you!
* * * LOW HITPOINT WARNING * * *
The smoke demon hits you but does no damage. x3
The orc sorcerer's eyes start to glow.
The orc sorcerer hits you but does no damage.
The liquid fire burns you!
* * * LOW HITPOINT WARNING * * *
The smoke demon gestures at you. Something smites you!
* * * LOW HITPOINT WARNING * * *
The orc priest begins to cast a cantrip, but forgets the words!
The orc sorcerer complains noisily.
The orc sorcerer hits you but does no damage.
The liquid fire burns you!
* * * LOW HITPOINT WARNING * * *
The smoke demon hits you but does no damage. x3
The orc sorcerer hits you with a +0 dagger.
* * * LOW HITPOINT WARNING * * *
The liquid fire burns you!
You die...

.#................##.....#
...................###..##
.......#...........######
#................)..###
#..................##.##
############...........#
#.....#.##.##
#..#...##...#
#.#.o@)###.## ##..3.##
##### ###..o######.##
#.#[...##.....#
#.)#)..#.....##
#..)#.......###
#.)......#....##
#....#...##....#
#..)....####..##


You could see a smoke demon (summoned), an orc sorcerer and an orc priest.

Vanquished Creatures
  An orc warlord (Orc:1)
  A minotaur (Gauntlet)
  A dire elephant (Lair:1)
  An ice dragon (D:12)
  3 hydras
  Erolcha (D:11)
  2 two-headed ogres
  2 centaur warriors
  2 boulder beetles
  12 death yaks
  2 orc high priests
  Nergalle (D:11)
  Urug (D:11)
  A fire crab (Lair:1)
  A fire crab (shapeshifter) (D:12)
  A sixfirhy (Gauntlet)
  3 skysharks
  A goliath frog (Lair:4)
  5 lindwurms
  A deep troll (D:13)
  2 orc knights
  A phantasmal warrior (D:13)
  A deep elf pyromancer (D:13)
  5 cyclopes
  3 manticores
  2 ugly things
  An orc sorcerer (Orc:2)
  A kobold blastminer (Orc:2)
  13 black mambas
  An apocalypse crab (Gauntlet)
  30 cane toads
  3 elephants (Lair:3)
  2 torpor snails (Lair:1)
  A gargoyle (D:8)
  An unseen horror (D:11)
  6 rime drakes
  15 komodo dragons
  A freezing wraith (D:12)
  2 yaktaurs (D:12)
  2 tengu conjurers (D:13)
  6 trolls
  2 tyrant leeches (Lair:5)
  2 polar bears
  A hornet (D:9)
  37 blink frogs
  8 dream sheep
  Sigmund (D:4)
  6 slime creatures
  4 shadows
  2 centaur simulacra (Gauntlet)
  A spriggan (Lair:4)
  6 wyverns
  A yak (shapeshifter) (D:13)
  6 wraiths
  22 yaks
  2 water elementals (D:15)
  7 basilisks
  3 wargs
  18 vampire mosquitoes
  2 acid dragons (D:12)
  15 water moccasins
  24 orc warriors
  A meliai simulacrum (Gauntlet)
  A laughing skull (D:12)
  7 black bears
  2 ogres
  19 wolves
  3 centaurs
  A phantom (D:5)
  8 kobold brigands
  2 gnoll sergeants
  15 bullfrogs
  A water moccasin zombie (D:5)
  A cane toad simulacrum (Gauntlet)
  3 scorpions
  A wyvern zombie (D:5)
  7 wights
  21 killer bees
  5 howler monkeys
  2 electric eels
  A crimson imp (D:7)
  2 bombardier beetles
  5 centaur zombies (D:5)
  4 jellies
  22 orc priests
  6 hounds
  3 gnoll boudas
  6 hell rats
  4 iguanas (D:5)
  16 orc wizards
  A killer bee zombie (D:5)
  3 hound zombies (D:5)
  A howler monkey zombie (D:5)
  22 gnolls
  8 adders
  5 shadow imps
  3 white imps
  6 ufetubi
  A ribbon worm (D:4)
  2 dart slugs (D:1)
  69 orcs
  8 ball pythons
  5 endoplasms
  4 giant cockroaches
  12 hobgoblins
  8 jackals (D:3)
  17 kobolds
  3 quokkas
  5 bats
  6 frilled lizards
  12 goblins
  5 rats
687 creatures vanquished.

Vanquished Creatures (others)
  Maurice (D:12)
  A centaur simulacrum (D:12)
  3 kobold brigands
  An orc (D:12)
6 creatures vanquished.

Grand Total: 693 creatures vanquished

Notes
Turn   | Place    | Note
-------+----------+-------------------------------------------
     0 | D:1      | Peloso the Minotaur Fighter began the quest for the Orb.
     0 | D:1      | Reached XP level 1. HP: 19/19 MP: 0/0
   213 | D:1      | Reached XP level 2. HP: 23/27 MP: 1/1
   572 | D:1      | Reached XP level 3. HP: 33/33 MP: 2/2
  1138 | D:2      | Reached skill level 4 in Shields
  1682 | D:3      | Reached XP level 4. HP: 35/41 MP: 3/3
  1997 | D:3      | Reached XP level 5. HP: 47/47 MP: 4/4
  2173 | D:4      | Noticed Sigmund
  2188 | D:4      | Killed Sigmund
  2189 | D:4      | Reached skill level 5 in Long Blades
  2189 | D:4      | Reached XP level 6. HP: 31/55 MP: 5/5
  2272 | D:4      | Reached skill level 5 in Fighting
  2339 | D:4      | Reached skill level 5 in Armour
  2339 | D:4      | Reached skill level 5 in Shields
  2428 | D:4      | Found Isareh's Assorted Antiques.
  2438 | D:4      | Bought a scroll labelled LUOMYLI KIGRIS for 22 gold pieces
  2438 | D:4      | Bought a scroll labelled CEUCUM DUUN for 22 gold pieces
  2438 | D:4      | Bought a scroll labelled LUOMYLI KIGRIS for 22 gold pieces
  2438 | D:4      | Bought a scroll labelled MOMMEDGH ESHULE for 22 gold pieces
  2438 | D:4      | Bought a scroll labelled UNLIG TOENLE for 22 gold pieces
  2540 | D:3      | Reached XP level 7. HP: 61/61 MP: 6/6
  2840 | D:4      | Found a basalt altar of Yredelemnul.
  2846 | D:4      | Noticed a profane servitor
  2986 | D:4      | Found a glowing golden altar of the Shining One.
  2988 | D:4      | Noticed an angel
  3140 | D:4      | Found Useneal's Gadget Gallery.
  3419 | D:5      | Entered Level 5 of the Dungeon
  3611 | D:5      | Reached XP level 8. HP: 47/70 MP: 7/7
  3741 | D:5      | Reached skill level 6 in Shields
  3966 | D:5      | Reached skill level 1 in Dodging
  4253 | D:5      | Found a sparkling altar of Nemelex Xobeh.
  4419 | D:5      | Reached skill level 7 in Shields
  5256 | D:6      | Reached XP level 9. HP: 78/78 MP: 8/8
  5305 | D:6      | Reached skill level 8 in Shields
  5485 | D:6      | Found a stormy altar of Qazlal.
  5485 | D:6      | Found a shimmering blue altar of Sif Muna.
  5487 | D:6      | Found an ornate altar of the Wu Jian Council.
  5487 | D:6      | Found an iron altar of Okawaru.
  5561 | D:6      | Became a worshipper of Warmaster Okawaru
  5709 | D:6      | Found a staircase to the Ecumenical Temple.
  6126 | D:7      | Reached skill level 9 in Shields
  6266 | D:7      | Found a burning altar of Makhleb.
  6771 | D:8      | Reached skill level 10 in Long Blades
  6850 | D:8      | Reached * piety under Okawaru
  7118 | D:8      | Found a hazy altar of Hepliaklqana.
  7169 | D:8      | Noticed a centaur warrior
  7176 | D:8      | Killed a centaur warrior
  7177 | D:8      | Reached skill level 10 in Shields
  7177 | D:8      | Reached XP level 10. HP: 78/86 MP: 9/9
  7181 | D:8      | Reached ** piety under Okawaru
  7204 | D:8      | Noticed a gargoyle
  7211 | D:8      | Killed a gargoyle
  7790 | D:8      | Reached *** piety under Okawaru
  8187 | D:9      | Found a flagged portal.
  8208 | Bailey   | Entered a bailey
  8358 | Bailey   | Noticed an orc knight
  8386 | Bailey   | Killed an orc knight
  8387 | Bailey   | Reached skill level 11 in Shields
  8429 | Bailey   | Found a burning altar of Makhleb.
  8692 | D:9      | Noticed a three-headed hydra
  8709 | D:9      | Killed a one-headed hydra
  8710 | D:9      | Reached XP level 11. HP: 24/95 MP: 7/10
  8711 | D:9      | Reached **** piety under Okawaru
  9660 | D:10     | Entered Level 10 of the Dungeon
  9660 | D:10     | Found a shimmering altar of Xom.
  9708 | D:10     | Reached skill level 1 in Invocations
  9901 | D:10     | Found a transporter.
  9922 | D:10     | Found a transporter.
  9990 | D:10     | Found a transporter.
 10007 | D:10     | Found a transporter.
 10423 | D:11     | Noticed Nergalle
 10445 | D:11     | Killed Nergalle
 10853 | D:11     | Noticed Urug
 10865 | D:11     | Killed Urug
 10866 | D:11     | Reached skill level 10 in Armour
 11146 | D:11     | Reached ***** piety under Okawaru
 11161 | D:11     | Reached skill level 12 in Shields
 11842 | D:11     | Noticed a death yak
 11884 | D:11     | Killed a death yak
 12005 | D:11     | Found a staircase to the Lair.
 12032 | D:11     | Identified the +0 robe of Luenyntu {Slay+5}
 12188 | D:11     | Reached skill level 10 in Fighting
 12436 | D:11     | Noticed Erolcha
 12446 | D:11     | Killed Erolcha
 12447 | D:11     | Reached skill level 13 in Shields
 12447 | D:11     | Reached XP level 12. HP: 62/106 MP: 8/11
 12620 | Lair:1   | Entered Level 1 of the Lair of Beasts
 12708 | Lair:1   | Found a gate leading to a gauntlet.
 12718 | Lair:1   | Identified the +7 trident "Jellybane" {elec, Dex+3}
 12777 | Lair:1   | Received a gift from Okawaru
 12792 | Gauntlet | Entered a Gauntlet
 12792 | Gauntlet | Found a transporter.
 12792 | Gauntlet | Found a transporter.
 12792 | Gauntlet | Found a transporter.
 12805 | Gauntlet | Found a transporter.
 12805 | Gauntlet | Found a transporter.
 12817 | Gauntlet | Found a transporter.
 12820 | Gauntlet | Found a transporter.
 12823 | Gauntlet | Noticed a death scarab
 12825 | Gauntlet | Noticed a death scarab
 12832 | Gauntlet | Found a transporter.
 12850 | Gauntlet | Found a transporter.
 12855 | Gauntlet | Found a transporter.
 12858 | Gauntlet | Found a transporter.
 12875 | Gauntlet | Found a transporter.
 12956 | Gauntlet | Identified a scroll of acquirement
 13026 | Gauntlet | Got the Octavo of Blinking Invitation
 13303 | Gauntlet | Paralysed by an apocalypse crab for 1 turns
 13398 | Gauntlet | Noticed a minotaur
 13403 | Gauntlet | Killed a minotaur
 13756 | Lair:1   | You fall into a shaft and drop 1 floor!
 13756 | Lair:2   | Found a staircase to the Snake Pit.
 14023 | Lair:1   | Reached skill level 14 in Shields
 14274 | Lair:1   | Noticed a five-headed hydra
 14287 | Lair:1   | Killed a one-headed hydra
 14492 | Lair:1   | Noticed a dire elephant
 14502 | Lair:1   | Reached skill level 1 in Axes
 14522 | Lair:1   | Killed a dire elephant
 14546 | Lair:1   | Received a gift from Okawaru
 14555 | Lair:1   | Reached skill level 15 in Shields
 14575 | Lair:1   | Identified the +4 quarterstaff "Korgh" {drain, rF+ Str+3}
 15246 | Lair:2   | Reached XP level 13. HP: 47/116 MP: 13/13
 15732 | Lair:2   | Found a staircase to the Swamp.
 16288 | Lair:2   | Received a gift from Okawaru
 16567 | Lair:2   | Reached skill level 16 in Shields
 17134 | Lair:3   | Received a gift from Okawaru
 17135 | Lair:3   | Reached skill level 15 in Long Blades
 17952 | D:12     | Noticed Maurice
 17993 | D:12     | Killed Maurice
 18007 | D:12     | Reached skill level 17 in Shields
 18230 | D:12     | Found a staircase to the Orcish Mines.
 18261 | D:12     | Received a gift from Okawaru
 18377 | D:12     | Identified the +6 flail "Neibem" {drain, rCorr Dex+3}
 18454 | D:12     | Found Xaxyrow's Antique Weapon Shoppe.
 18458 | D:12     | Found a runed translucent door.
 18458 | D:12     | Noticed Peloso's ghost (journeyman MiFi)
 18459 | D:12     | Found a shimmering altar of Xom.
 19308 | Lair:3   | Reached XP level 14. HP: 120/127 MP: 14/14
 20518 | Lair:5   | Entered Level 5 of the Lair of Beasts
 20538 | Lair:5   | Reached skill level 18 in Shields
 20702 | Lair:5   | Reached ****** piety under Okawaru
 20796 | Lair:4   | Received a gift from Okawaru
 22704 | Lair:4   | Reached skill level 19 in Shields
 22811 | Lair:4   | Reached skill level 1 in Stealth
 22885 | Lair:4   | Received a gift from Okawaru
 23604 | Lair:5   | Found a staircase to the Slime Pits.
 23655 | Lair:5   | Found a viscous altar of Jiyva.
 23878 | Lair:5   | Reached XP level 15. HP: 137/137 MP: 15/15
 24332 | Lair:5   | Reached skill level 20 in Shields
 24609 | Lair:5   | Got the Papyrus of Earthen Blasts
 25799 | D:13     | Found a gate to the Vaults.
 25944 | D:13     | You fall into a shaft and drop 2 floors!
 25944 | D:15     | Entered Level 15 of the Dungeon
 26146 | D:13     | Received a gift from Okawaru
 26491 | Orc:1    | Entered Level 1 of the Orcish Mines
 27219 | Orc:2    | Entered Level 2 of the Orcish Mines
 27443 | Orc:2    | Found a staircase to the Elven Halls.
 28220 | Orc:2    | Paralysed by an orc sorcerer for 3 turns
 28226 | Orc:2    | Paralysed by an orc sorcerer for 5 turns
 28229 | Orc:2    | HP: 5/138 [burnt (11)]
 28229 | Orc:2    | HP: 1/138 [orc sorcerer/+0 dagger (4)]
 28230 | Orc:2    | Incinerated by a smoke demon

Illustrated notes

Levels and vault maps discovered:
D:1:      ncdulo_watergridlock, layout_basic
D:2:      layout_basic
D:3:      layout_basic
D:4:      layout_basic, grunt_temple_overflow_holy_war, serial_shops, shop,
          nicolae_shop_gadgets, uniq_sigmund
D:5:      layout_basic, lemuel_doored_altar, serial_undead, serial_undead_c,
          serial_undead_e, serial_undead_f, serial_undead_f
D:6:      layout_rooms, grunt_temple_overflow_open, temple_green,
          roderic_serpentine_path, hex_tiny
D:7:      layout_basic, makhleb_grotto_becter, kennysheep_generic_room_11
D:8:      minmay_cornered_nines, layout_basic,
          mainiacjoe_overflow_surrounded_room, serial_demonic, serial_demonic_d,
          serial_demonic_d, serial_demonic_b, serial_demonic_b,
          serial_demonic_g, serial_demonic_g, hangedman_abyss_or_decor_stagger
D:9:      layout_gridville, enter_bailey_5, hangedman_ranch
D:10:     layout_cross, mainiacjoe_overflow_cross_hatched,
          nicolae_diode_intersection
D:11:     layout_loops_corners, david_lair_generic,
          hangedman_abyss_or_decor_slice, uniq_urug, uniq_nergalle, uniq_erolcha
D:12:     minmay_the_grid_3x2 [minmay_the_grid_expand, minmay_the_grid_dragon_b,
          minmay_the_grid_square_x, minmay_the_grid_paths, minmay_the_grid_x,
          minmay_the_grid_prize_inner_circle], layout_gridville, david_orc_3,
          ebering_ghost_xom, serial_shops, shop, uniq_maurice
D:13:     layout_long_grid, david_vaults_4
D:14:     cheibrodos_leafed_vault, layout_cave_pools,
          nicolae_qazlal_general_emergency,
          nicolae_concentric_dashed_squares_wild, nicolae_diode_stairs
D:15:     grunt_enter_depths_snipers, layout_basic,
          hangedman_abyss_or_decor_clamps, skrybe_limestone_x, uniq_agnes
Lair:1:   layout_gridlike, gauntlet_entry_generic,
          chequers_serial_rivers_micro_a, nicolae_lair_lakeside_cave
Lair:2:   layout_roguey, swamp_mist_pool, dummy_snake_entry
Lair:3:   layout_cave_pods
Lair:4:   layout_cave_pods, grunt_forest_large_clearing_hut
Lair:5:   minmay_lair_end_frog_pond, layout_concentric_octagons,
          minmay_slime_entry_pillars, minmay_lindwurm_lava
Orc:1:    layout_caves
Orc:2:    st_orc_congregation, layout_caves, basic_altar

Skill      XL: |  1  2  3  4  5  6  7  8  9 10 11 12 13 14 15 |
---------------+----------------------------------------------+-----
Fighting       | 4 5 6 7 8 10 11 12 13 14 | 14.2
Long Blades    | 3 4 5 6 7 9 10 12 14 15 16 | 16.4
Shields        | 4 5 7 10 11 13 15 17 19 20 | 20.7
Armour         | 4 5 6 7 8 9 10 12 13 14 | 14.3
Dodging        | 1 2 |  2.6
Invocations    | 1 2 |  2.5
Axes           | 1 2 |  2.1
Stealth        | 1 |  1.0
Evocations     | |  0.5

Action                     |  1- 3 |  4- 6 |  7- 9 | 10-12 | 13-15 || total
---------------------------+-------+-------+-------+-------+-------++-------
  Melee: Long sword        |    90 |   123 |   335 |       |       ||   548
         Headbutt          |    14 |    19 |    99 |   184 |   398 ||   714
         Scimitar          |       |       |   189 |   763 |  1510 ||  2462
         Hand axe          |       |       |       |    14 |     8 ||    22
 Invoke: Heroism           |       |       |       |    14 |    21 ||    35
  Evoke: Wand              |       |       |       |     6 |     1 ||     7
    Use: Potion            |     4 |       |       |       |     7 ||    11
         Scroll            |     2 |     2 |     5 |    12 |     8 ||    29
 Armour: Scale mail        |    33 |       |       |       |       ||    33
         Plate armour      |    22 |   112 |   409 |   481 |   616 ||  1640
  Dodge: Dodged            |    47 |    39 |   107 |   128 |   172 ||   493
  Block: Buckler           |    29 |    62 |    88 |       |       ||   179
         Reflection        |       |     3 |     4 |    24 |    20 ||    51
         Kite shield       |       |       |   393 |   583 |       ||   976
         Tower shield      |       |       |       |   251 |  2289 ||  2540
